 Dungeon Crawl Stone Soup version 0.17-a0-2098-gf59d6bc (webtiles) character file.

1577 Mygna the Slicer (level 8, -2/39 HPs)
             Began as a Vine Stalker Chaos Knight on Oct 17, 2015.
             Killed from afar by Blork the orc (9 damage)
             ... with a magic dart
             ... on level 6 of the Dungeon.
             The game lasted 00:16:33 (4540 turns).

Mygna the Slicer (Vine Stalker Chaos Knight)        Turns: 4540, Time: 00:16:33

Health: -2/39      AC:  9    Str: 14    XL:     8   Next: 91%
Magic:  0/8        EV: 13    Int: 12    God:    Xom [*.....]
Gold:   240        SH:  0    Dex: 17    Spells: 0 memorised, 7 levels left

rFire  . . .     SeeInvis .     a - +1 short sword (chaos)
rCold  . . .     Clarity  .     u - +2 leather armour
rNeg   . . .     SustAt   .     (no shield)
rPois  .         Gourm    .     (helmet restricted)
rElec  .         Spirit   +     r - +0 cloak
rCorr  .         Warding  .     s - +1 pair of gloves
rMut   .         Stasis   .     (no boots)
MR     +....                    (no amulet)
Stlth  +.........               (no ring)
                                f - ring of flight

@: somewhat resistant to hostile enchantments, very unstealthy
A: fangs 3, horns 1, molten scales 1, low mp 1, regeneration 2, magic shield,
antimagic bite, no device heal 3, rot immunity, MP-powered wands
a: Renounce Religion, Evoke Flight


You were on level 6 of the Dungeon.
You worshipped Xom.
You were a special plaything of Xom.
You were not hungry.

You visited 1 branch of the dungeon, and saw 6 of its levels.

You collected 240 gold pieces.

Inventory:

Hand Weapons
 a - a +1 short sword of chaos (weapon)
 k - a +2 dagger of protection
Armour
 i - a cursed +0 helmet
 l - a +0 chain mail
 r - a +0 cloak (worn)
 s - a +1 pair of gloves (worn)
 u - a +2 leather armour (worn)
Jewellery
 b - an uncursed ring of fire
 e - a cursed -3 ring of slaying {unknown}
 f - a ring of flight (left hand)
Wands
 h - a wand of hasting (8)
 q - a wand of slowing (34)
 v - a wand of fireball (2)
Scrolls
 j - a scroll of enchant weapon
 n - 2 scrolls of recharging
 p - 3 scrolls of teleportation
 y - a scroll of magic mapping
Potions
 g - a potion of resistance
 m - a potion of flight
 w - a potion of curing
 z - 2 potions of berserk rage {unknown}
 A - a potion of degeneration {unknown}
Comestibles
 c - 5 bread rations
 d - 9 fruits
 o - a chunk of flesh
 t - a beef jerky
 x - 2 meat rations


   Skills:
 - Level 2.6 Fighting
 + Level 9.8 Short Blades
 - Level 1.5 Armour
 * Level 3.0 Dodging


You had 7 spell levels left.
You didn't know any spells.

Dungeon Overview and Level Annotations

Branches:
Dungeon (6/15)
 Temple: D:4-7

Altars:
Elyvilon
Kikubaaqudgha
Qazlal
Ru
Trog

Annotations:
D:6 Blork the orc


Innate Abilities, Weirdness & Mutations

You have razor-sharp teeth.
You heal very quickly.
When hurt, damage is shared between your health and your magic reserves.
Your bite disrupts and absorbs the magic of your enemies.
Potions and wands cannot restore your health.
You are immune to rotting.
You have a pair of small horns on your head.
You are partially covered in molten scales (AC +1).
Your magical capacity is low (-10% MP).
You expend magic power (3 MP) to strengthen your wands.


Message History

The orc warrior hits you with a halberd!
* * * LOW HITPOINT WARNING * * *
Items here: % ))) † a hand axe; a giant club; a hand axe; a meat ration; an orc corpse Unknown command.
The orc warrior hits you from afar with a halberd!
* * * LOW HITPOINT WARNING * * *
Drink which item? (? for menu, Esc to quit)
Okay, then.
Evoke which item? (* to show all) (? for menu, Esc to quit)
Okay, then.
Read which item? (? for menu, Esc to quit)
Okay, then.
Blork the orc screams, "I'll drink your blood!
Soon!"
Xom's power touches on a nearby monster.
The orc warrior suddenly seems more agile.
Blork the orc casts a spell at you. The magic dart hits you!
You die...
Xom thinks this is hilarious!

#..###. ### #......# #.. ..#
#......# #.# ...# #......# #.#
...#?.. #..)...#####.####...#...
#......#...............
#......#.............#
######..........@.........#
...(....##..#......oo.....#
........##..#.†...........#
........##..#.............#
........##..#.............##
....†.......#..............#
####'####..>#............§.#
........#.###..........§§§§####+#
.###.##(#.# ############§§§......


You could see Blork the orc and an orc warrior.

Vanquished Creatures
  Sigmund (D:2)
  The ghost of Kidiri the Magician, an amateur DEFE (D:4)
  A black bear (D:6)
  2 ogres
  A phantom (D:5)
  A giant frog (D:6)
  A scorpion (D:4)
  3 crimson imps
  A jelly (D:1)
  A giant frog zombie (D:5)
  2 orc priests (D:4)
  Crazy Yiuf (D:2)
  Ijyb (D:2)
  An iguana (D:6)
  Terence (D:3)
  A worker ant (D:4)
  Natasha (thrice) (D:3)
  6 orc wizards
  A hound zombie (D:3)
  A worker ant zombie (D:5)
  Robin (D:2)
  8 adders
  6 oozes
  6 worms
  5 giant geckos
  19 orcs
  An orc (shapeshifter) (D:4)
  2 ball pythons
  12 giant cockroaches
  14 goblins
  A hobgoblin (shapeshifter) (D:2)
  8 hobgoblins
  19 jackals
  5 kobolds
  3 quokkas
  7 bats
  5 giant newts
  A quokka zombie (D:5)
  11 rats
165 creatures vanquished.

Vanquished Creatures (others)
  A human (D:2)
  An adder (D:3)
2 creatures vanquished.

Grand Total: 167 creatures vanquished

Notes
Turn   | Place    | Note
--------------------------------------------------------------
     0 | D:1      | Mygna the Vine Stalker Chaos Knight began the quest for the Orb.
     0 | D:1      | Reached XP level 1. HP: 11/11 MP: 2/2
     0 | D:1      | Noticed a jelly
     1 | D:1      | Found a runed door.
    46 | D:1      | Reached skill level 3 in Short Blades
    95 | D:1      | Reached XP level 2. HP: 11/16 MP: 3/3
   246 | D:1      | Reached XP level 3. HP: 19/19 MP: 4/4
   417 | D:1      | Reached skill level 4 in Short Blades
   443 | D:1      | XOM: silly message
   697 | D:2      | Reached XP level 4. HP: 15/23 MP: 5/5
   698 | D:2      | Noticed Robin
   751 | D:2      | XOM: confuse monster(s)
   754 | D:2      | Killed Robin
   861 | D:2      | Noticed Sigmund
   862 | D:2      | XOM: potion effect (invisibility)
   870 | D:2      | Killed Sigmund
   870 | D:2      | Reached skill level 6 in Short Blades
   870 | D:2      | Reached XP level 5. HP: 22/27 MP: 6/6
   870 | D:2      | Gained mutation: You heal very quickly. [Vine Stalker growth]
   870 | D:2      | Reached XP level 6. HP: 26/32 MP: 7/7
  1003 | D:2      | Noticed Ijyb
  1019 | D:2      | Killed Ijyb
  1020 | D:2      | Found an ancient bone altar of Kikubaaqudgha.
  1023 | D:2      | Noticed a human
  1024 | D:2      | Killed a human
  1257 | D:2      | Noticed Crazy Yiuf
  1262 | D:2      | XOM: enchant monster (bad)
  1263 | D:2      | Killed Crazy Yiuf
  1514 | D:2      | XOM: colour smoke trail
  1669 | D:1      | Killed a jelly
  1707 | D:2      | Gained mutation: Armour fits poorly on your strangely shaped body. [mutagenic meat]
  1708 | D:2      | Gained mutation: Your magical capacity is low (-10% MP). [mutagenic meat]
  1731 | D:3      | XOM: divination: magic mapping
  1736 | D:3      | Reached skill level 7 in Short Blades
  1736 | D:3      | Reached XP level 7. HP: 29/35 MP: 7/7
  1741 | D:3      | Noticed Natasha
  1815 | D:3      | Noticed Terence
  1825 | D:3      | Killed Terence
  1884 | D:3      | XOM: harmless Fire miscast
  1931 | D:3      | Killed Natasha
  1999 | D:2      | XOM: silly message
  2055 | D:3      | Noticed Natasha
  2060 | D:3      | Killed Natasha
  2064 | D:3      | XOM: harmless Conj miscast
  2076 | D:3      | Noticed Natasha
  2083 | D:3      | Killed Natasha
  2211 | D:3      | XOM: divination: detect creatures
  2404 | D:4      | Lost mutation: Your magical capacity is low (-10% MP). [potion of cure mutation]
  2404 | D:4      | Lost mutation: Armour fits poorly on your strangely shaped body. [potion of cure mutation]
  2442 | D:4      | Noticed Kidiri's ghost (amateur DEFE)
  2483 | D:4      | XOM: potion effect (invisibility)
  2489 | D:4      | Killed Kidiri's ghost
  2489 | D:4      | Reached skill level 8 in Short Blades
  2592 | D:4      | XOM: smoke on damage
  2616 | D:4      | Gained mutation: You expend magic power (3 MP) to strengthen your wands. [mutagenic meat]
  2617 | D:4      | Gained mutation: You are partially covered in molten scales (AC +1). [mutagenic meat]
  2618 | D:4      | Gained mutation: Your magical capacity is low (-10% MP). [mutagenic meat]
  2619 | D:4      | Gained mutation: You have a pair of small horns on your head. [mutagenic meat]
  2619 | D:4      | XOM: silly message
  2738 | D:4      | XOM: harmless Pois miscast
  2752 | D:4      | XOM: harmless Pois miscast
  2775 | D:4      | Gained mutation: You have razor-sharp teeth. [Vine Stalker growth]
  2775 | D:4      | Reached XP level 8. HP: 4/39 MP: 8/8
  3188 | D:4      | XOM: potion effect (invisibility)
  3197 | D:4      | Reached skill level 9 in Short Blades
  3318 | D:4      | XOM: harmless Air miscast
  3495 | D:5      | Entered Level 5 of the Dungeon
  3512 | D:5      | XOM: colour smoke trail
  3549 | D:5      | XOM: harmless Air miscast
  3672 | D:5      | XOM: noise
  3675 | D:5      | XOM: 2-stop teleportation journey
  3774 | D:5      | XOM: severe Hex miscast
  3858 | D:5      | XOM: summons 2 hostile shadow creatures
  4087 | D:5      | Found a sacrificial altar of Ru.
  4401 | D:6      | Found a white marble altar of Elyvilon.
  4405 | D:6      | Reached skill level 1 in Dodging
  4415 | D:6      | Found a bloodstained altar of Trog.
  4419 | D:6      | Found a stormy altar of Qazlal.
  4482 | D:6      | XOM: smoke on damage
  4516 | D:6      | Noticed Blork the orc
  4528 | D:6      | XOM: smoke on damage
  4539 | D:6      | XOM: enchant monster (bad)
  4540 | D:6      | Killed from afar by Blork the orc

Vault maps used:
D:1:      dpeg_arrival_caged_fury
D:2:      first_bread, tgw_kikubaaqudgha, uniq_robin, uniq_iyjb, uniq_sigmund,
          uniq_crazy_yiuf_cottage
D:3:      uniq_terence, uniq_natasha
D:4:      corexii_corridor_pit
D:5:      nicolae_ru_awakened_eye
D:6:      minitemple, nicolae_overflow_crystal_walls, uniq_blork_the_orc

Action                   |  1- 3 |  4- 6 |  7- 9 || total
-------------------------+-------+-------+-------++-------
Melee: Short sword       |   138 |   164 |   268 ||   570
Evoke: Wand              |       |     1 |       ||     1
  Use: Scroll            |       |       |    13 ||    13
       Potion            |       |       |     4 ||     4
 Stab: Sleeping          |     1 |     1 |     1 ||     3
       Confused          |     1 |       |       ||     1
       Paralysed         |       |     5 |       ||     5
       Petrifying        |       |     2 |       ||     2
       Invisible         |       |     1 |     4 ||     5
       Petrified         |       |     1 |       ||     1
  Eat: Chunk             |       |     5 |    11 ||    16
       Pizza             |       |       |     1 ||     1
       Beef jerky        |       |       |     1 ||     1
